 Dungeon Crawl Stone Soup version 0.31-a0-145-g046c7d2549 (webtiles) character file.

Game seed: 4576481093003595236

178 mopl the Slasher (level 5, -2/30 HPs)
             Began as a Tengu Warper on June 5, 2023.
             Was an Initiate of Cheibriados.
             Succumbed to a scorpion's poison
             ... on level 4 of the Dungeon.
             The game lasted 00:04:05 (2360 turns).

mopl the Slasher (Tengu Warper)                     Turns: 2360, Time: 00:04:05

Health: -2/30      AC:  4    Str: 12 (15) XL:     5   Next: 58%
Magic:  6/10       EV: 14    Int: 13 (14) God:    Cheibriados [......]
Gold:   153        SH:  0    Dex: 12 (14) Spells: 3/10 levels left

rFire   . . .        a - +1 falchion (holy)
rCold   . . .        (no shield)
rNeg    . . .        b - +0 leather armour
rPois   .            (helmet restricted)
rElec   .            u - +0 cloak
rCorr   .            (no gloves)
SInv    .            (boots unavailable)
Will    +....        B - amulet of guardian spirit
Stlth   +            (no ring)
HPRegen 0.25/turn    (no ring)
MPRegen 0.12/turn

%: guardian spirit
@: lethally poisoned (-2 -> -14), attractive, enlightened, flying quickly and
evasively, slow
A: beak, talons 3, nimble flight
a: Renounce Religion


You were on level 4 of the Dungeon.
You worshipped Cheibriados.
Cheibriados was noncommittal.
You visited 1 branch of the dungeon, and saw 4 of its levels.

You collected 153 gold pieces.

Inventory:

Hand Weapons
 a - a +1 falchion of holy wrath (weapon)
Missiles
 d - 7 boomerangs of dispersal
 f - 5 poisoned darts (quivered)
 n - 7 atropa-tipped darts
Armour
 b - a +0 leather armour (worn)
 p - a +0 scale mail
 u - a +0 cloak (worn)
Jewellery
 B - an amulet of guardian spirit (around neck)
Wands
 v - a wand of light (3)
Scrolls
 c - a scroll of blinking
 k - a scroll of noise {unknown}
 l - 2 scrolls of amnesia {unknown}
 m - a scroll of identify {unknown}
 q - a scroll of summoning {unknown}
 r - a scroll of torment {unknown}
 w - a scroll of magic mapping {unknown}
 y - 3 scrolls of vulnerability {unknown}
 D - 2 scrolls of enchant armour {unknown}
Potions
 e - a potion of brilliance {unknown}
 g - a potion of invisibility {unknown}
 h - a potion of curing {unknown}
 i - a potion of attraction
 j - 2 potions of heal wounds {unknown}
 o - 2 potions of enlightenment
 s - 2 potions of mutation {unknown}
 t - 2 potions of degeneration
 x - a potion of lignification {unknown}
 z - a potion of haste {unknown}
 A - a potion of cancellation {unknown}
 C - a potion of magic {unknown}


   Skills:
 - Level 2.0 Fighting
 + Level 3.8 Long Blades
 - Level 1.0 Throwing
 - Level 1.1 Armour
 - Level 2.1 Dodging
 + Level 3.2 Spellcasting
 + Level 3.3 Translocations
 + Level 1.1 Invocations


You had 3 spell levels left.
You knew the following spells:

 Your Spells              Type           Power      Damage    Failure   Level
a - Vhi's Electric Charg  Tloc/Air       12%        N/A       38%         3
b - Lesser Beckoning      Tloc           20%        N/A       11%         2
e - Blink                 Tloc           20%        N/A       11%         2

Your spell library contained the following spells:

 Spells                   Type           Power      Damage    Failure   Level
 Gell's Gravitas          Tloc           10%        N/A       22%         3
 Teleport Other           Tloc           10%        N/A       22%         3
 Magic Dart               Conj           8%         1d3       28%         1
 Cigotuvi's Dreadful Rot  Necr/Pois/Air  4%         N/A       41%         2
 Searing Ray              Conj           4%         2d4       41%         2
 Ignite Poison            Fire/Tmut/Pois 2%         N/A       65%         3
 Manifold Assault         Tloc           10%        N/A       56%         4
 Fulminant Prism          Conj/Hex       1%         3d5       96%         4
 Arcjolt                  Conj/Air       1%         1d11      100%        5
 Freezing Cloud           Conj/Ice/Air   1%         6-21      100%        5
 Maxwell's Capacitive Co  Air            1%         ∞         100%        8


Dungeon Overview and Level Annotations

Branches:
Dungeon (4/15)
 Temple: D:4-7

Altars:
Cheibriados

Shops:
D:1 (

Annotations:
D:3 1 runed translucent door, Crazy Yiuf
D:4 1 runed translucent door, Notanamesir's ghost, amateur BaTm


Innate Abilities, Weirdness & Mutations

You have a beak for a mouth.
You have claws for feet.
Your magical nature lets you fly swiftly and evasively.


Message History

The scorpion is almost dead.
The scorpion closely misses you.
You closely miss the scorpion.
The scorpion is almost dead.
You feel sick. The scorpion closely misses you.
You barely miss the scorpion. Your kick misses the scorpion.
The scorpion is almost dead.
You feel sick. The scorpion closely misses you. The scorpion stings you.
You are more poisoned.
The scorpion poisons you!
You closely miss the scorpion.
You claw the scorpion, but do no damage.
The scorpion is almost dead.
You feel very sick. The scorpion misses you.
You closely miss the scorpion.
The scorpion is almost dead.
* * * LOW HITPOINT WARNING * * *
You feel sick. The scorpion stings you.
* * * LOW HITPOINT WARNING * * *
You are more poisoned.
The scorpion poisons you!
You closely miss the scorpion. You peck the scorpion.
You kill the scorpion!
Cheibriados thoroughly appreciates the change of pace.
* * * LOW HITPOINT WARNING * * *
You feel very sick.
Your Invocations skill increases to level 1!
It was a potion of enlightenment.
You feel more buoyant.
* * * LOW HITPOINT WARNING * * *
You feel very sick.
It was a potion of degeneration.
There was something very wrong with that liquid.
You feel weakened.
You feel dopey.
You feel clumsy.
* * * LOW HITPOINT WARNING * * *
You feel sick.
It was a potion of attraction.
You feel attractive to monsters.
You die...

#.. #..# .. #...##
.# .... ##.....##
.## .....
##.......# #...##.
.....##.........
....#⌠.
....#..†......#
#..##.
#.....@......#
#...##
..#...$.......##
#...#
.#............#
#...
#............##
#####..
..##.##.....##
##.#.... ##
#....## ##...####
#...## ####.....#
#....###........##
##...............#


There were no monsters in sight!

Vanquished Creatures
  A scorpion (D:4)
  A jelly (D:4)
  2 gnolls
  An adder (D:2)
  A worm (D:3)
  6 orcs
  4 bats
  7 endoplasms
  4 giant cockroaches
  3 hobgoblins
  4 jackals (D:3)
  A quokka (D:2)
  5 ball pythons
  A frilled lizard (D:1)
  2 goblins
  5 kobolds
  5 rats
53 creatures vanquished.

Notes
Turn   | Place    | Note
-------+----------+-------------------------------------------
     0 | D:1      | mopl the Tengu Warper began the quest for the Orb.
     0 | D:1      | Reached XP level 1. HP: 12/12 MP: 4/4
   162 | D:1      | Reached XP level 2. HP: 17/17 MP: 6/6
   215 | D:1      | Learned a level 2 spell: Blink
   298 | D:1      | Found Cyhoicki's Weapon Boutique.
   762 | D:2      | Reached XP level 3. HP: 17/21 MP: 7/7
   851 | D:2      | Found a faded altar of an unknown god.
  1079 | D:2      | Reached skill level 3 in Long Blades
  1085 | D:2      | Learned a level 2 spell: Lesser Beckoning
  1089 | D:2      | Learned a level 3 spell: Vhi's Electric Charge
  1446 | D:3      | Reached skill level 3 in Translocations
  1451 | D:3      | Reached XP level 4. HP: 19/26 MP: 9/9
  1682 | D:3      | Found a runed translucent door.
  1683 | D:3      | Noticed Crazy Yiuf
  2025 | D:3      | Found a snail-covered altar of Cheibriados.
  2248 | D:3      | Became a worshipper of Cheibriados the Contemplative
  2277 | D:4      | Found a runed translucent door.
  2277 | D:4      | Noticed Notanamesir's ghost (amateur BaTm)
  2339 | D:4      | Reached skill level 3 in Spellcasting
  2339 | D:4      | Gained mutation: Your magical nature lets you fly swiftly
                  | and evasively. [Tengu growth]
  2339 | D:4      | Reached XP level 5. HP: 23/30 MP: 7/10
  2358 | D:4      | Reached skill level 1 in Invocations
  2359 | D:4      | HP: 1/30 [poisoned by a scorpion]
  2360 | D:4      | Succumbed to a scorpion's poison

Illustrated notes

Levels and vault maps discovered:
D:1:      nzn_arrival_settlement, layout_loops_ring, serial_shops, shop,
          serial_park_tiny_1
D:2:      layout_loops_ring, shapermc_ecumenical_altar_venn
D:3:      wad_crossroads, layout_basic, cheibriados_altar_1, dk_vineyard_3,
          dk_noncrumbling_3, dk_noncrumbling_4, uniq_crazy_yiuf_cottage
D:4:      layout_cave_pods, nicolae_ru_the_path_less_chosen,
          hellmonk_ghost_happy_afterlife, minmay_diced_spiral

Skill      XL: |  1  2  3  4  5 |
---------------+----------------+-----
Long Blades    | 3 |  3.8
Translocations | 3 |  3.3
Spellcasting   | 3 |  3.2
Invocations    | 1 |  1.1
Fighting       | |  2.0
Throwing       | |  1.0
Armour         | |  1.1
Dodging        | |  2.1

Action                     |  1- 3 |  4- 6 || total
---------------------------+-------+-------++-------
  Melee: Falchion          |    62 |    41 ||   103
         Kick              |    21 |    10 ||    31
         Peck              |     8 |     8 ||    16
    Use: Potion            |       |     3 ||     3
   Stab: Sleeping          |       |     1 ||     1
 Armour: Leather armour    |    17 |     9 ||    26
  Dodge: Dodged            |    30 |    14 ||    44

Table legend: (Time is in decaauts)
 A = Elapsed time spent in this place.
 B = Non-inter-level travel time spent in this place.
 C = Inter-level travel time spent in this place.
 D = Time resting spent in this place.
 E = Time spent auto-exploring this place.
 F = Levels seen in this place.
 G = Mean time per level.
                   A        B        C        D        E       F      G
               +--------+--------+--------+--------+--------+-----+--------+
         Total |   2396 |   2276 |    120 |    124 |   1766 |   4 |  599.0 |
       Dungeon |   2396 |   2276 |    120 |    124 |   1766 |   4 |  599.0 |
               +--------+--------+--------+--------+--------+-----+--------+

Top non-repeatable levels by time:
     D:3: 913 daAuts
     D:2: 755 daAuts
     D:1: 599 daAuts
     D:4: 128 daAuts
